 Dungeon Crawl Stone Soup version 0.20-a0-2-g2b0e13a (webtiles) character file.

99 spe3d0 the Shield-Bearer (level 4, -3/39 HPs)
             Began as a Minotaur Fighter on Oct 28, 2016.
             Slain by grandjackal's ghost (10 damage)
             ... on level 3 of the Dungeon.
             The game lasted 00:03:36 (1341 turns).

spe3d0 the Shield-Bearer (Minotaur Fighter)         Turns: 1341, Time: 00:03:36

Health: -3/39      AC:  4    Str: 21    XL:     4   Next: 45%
Magic:  3/3        EV:  9    Int:  5    God:
Gold:   178        SH:  9    Dex: 10    Spells: 0 memorised, 3 levels left

rFire  . . .     SeeInvis .     s - +0 whip
rCold  . . .     Gourm    .     u - +0 leather armour (curse)
rNeg   . . .     Faith    .     c - +0 shield
rPois  .         Spirit   .     (helmet restricted)
rElec  .         Reflect  .     (no cloak)
rCorr  .         Harm     .     i - +0 pair of gloves
MR     .....                    (no boots)
Stlth  +.........               g - amulet of regeneration
                                (no ring)
                                (no ring)

@: no status effects
A: retaliatory headbutt, horns 2
a: no special abilities


You were on level 3 of the Dungeon.
You were not hungry.

You visited 1 branch of the dungeon, and saw 3 of its levels.

You collected 178 gold pieces.


Innate Abilities, Weirdness & Mutations

You reflexively headbutt those who attack you in melee.
You have a pair of horns on your head.


   Skills:
 - Level 3.6 Fighting
 * Level 4.2 Maces & Flails
 * Level 4.4 Armour
 * Level 4.6 Shields


You had 3 spell levels left.
You didn't know any spells.

Inventory:

Hand Weapons
 a - a +0 flail
 s - a +0 whip (weapon)
Armour
 b - a +0 scale mail
 c - a +0 shield (worn)
 i - a +0 pair of gloves (worn)
 u - a cursed +0 leather armour (worn)
Jewellery
 g - an amulet of regeneration (around neck)
Scrolls
 e - 2 scrolls of enchant weapon {unknown}
 h - a scroll of enchant armour {unknown}
 l - a scroll of random uselessness {unknown}
 m - 5 scrolls of identify {unknown}
 o - 2 scrolls of amnesia {unknown}
 q - a scroll of magic mapping {unknown}
Potions
 k - a potion of lignification {unknown}
 p - a potion of cure mutation {unknown}
 r - 2 potions of resistance {unknown}
 t - a potion of brilliance {unknown}
Comestibles
 f - 3 bread rations {@e1}
 j - 2 chunks of flesh
 n - a meat ration {@e1}

Dungeon Overview and Level Annotations

Branches:
Dungeon (3/15)

Altars:
Hepliaklqana

Annotations:
D:3 grandjackal's ghost, amateur DsGl

.#. ..# . .⌠.. # ##o#o
. #. #... # #. #.. #..#
## )..#.'##.[##### #.
#.........W@.# #..#.
####..#..####.# #.#.#
#..#. ..........# ...
#.#.# #..#. .#####.#.#
#### #.#.# #..#. #.#.#
#.#.# #..#. #.#.#
##.#.# #..#. #.#..
..#.## #.#.
#.############...###...
#................##....


You could see grandjackal's ghost.


Message History

The giant cockroach bites you.
You barely miss the giant cockroach.
The giant cockroach is moderately wounded.
You block the giant cockroach's attack.
You hit the giant cockroach.
You kill the giant cockroach!
You miss grandjackal's ghost. You headbutt grandjackal's ghost.
Grandjackal's ghost is lightly damaged.
You block grandjackal's ghost's attack.
You hit grandjackal's ghost but do no damage.
Grandjackal's ghost is lightly damaged.
Grandjackal's ghost hits you.
You miss grandjackal's ghost.
You headbutt grandjackal's ghost, but do no damage.
Grandjackal's ghost is lightly damaged.
You block grandjackal's ghost's attack.
You barely miss grandjackal's ghost. Grandjackal's ghost hits you!
* * * LOW HITPOINT WARNING * * *
You closely miss grandjackal's ghost. You headbutt grandjackal's ghost.
Grandjackal's ghost is lightly damaged.
Grandjackal's ghost hits you!
* * * LOW HITPOINT WARNING * * *
You hit grandjackal's ghost but do no damage.
Grandjackal's ghost is lightly damaged.
You block grandjackal's ghost's attack.
You miss grandjackal's ghost.
Your headbutt misses grandjackal's ghost.
Grandjackal's ghost is lightly damaged.
Grandjackal's ghost hits you!
You die...

Skill      XL: |  1  2  3  4 |
---------------+-------------+-----
Maces & Flails | 3 4 |  4.2
Armour         | 4 |  4.4
Shields        | 4 |  4.6
Fighting       | |  3.6

Action                   |  1- 3 |  4- 6 || total
-------------------------+-------+-------++-------
Melee: Flail             |    72 |       ||    72
       Headbutt          |    16 |     5 ||    21
       Whip              |    74 |    24 ||    98
  Use: Potion            |       |     1 ||     1
  Eat: Chunk             |     1 |     1 ||     2
Armor: Scale mail        |    54 |       ||    54
       Leather armour    |     4 |     1 ||     5
Dodge: Dodged            |    46 |     7 ||    53
Block: Shield            |    82 |     8 ||    90

Vault maps used:
D:1:      evilmike_arrival_hilbert_curve, minmay_tetromino_o4
D:2:      overflow_temple_1_default
D:3:      old_standard_altar, evilmike_ruin_ashenzari

Notes
Turn   | Place    | Note
-------+----------+-------------------------------------------
     0 | D:1      | spe3d0 the Minotaur Fighter began the quest for the Orb.
     0 | D:1      | Reached XP level 1. HP: 19/19 MP: 0/0
   216 | D:1      | Reached XP level 2. HP: 26/26 MP: 1/1
   247 | D:1      | Reached skill level 3 in Maces & Flails
   675 | D:1      | Reached skill level 4 in Armour
   750 | D:2      | Reached XP level 3. HP: 31/31 MP: 2/2
   779 | D:2      | Reached skill level 4 in Shields
  1096 | D:2      | Found a hazy altar of Hepliaklqana.
  1121 | D:3      | Reached XP level 4. HP: 39/39 MP: 3/3
  1147 | D:3      | Reached skill level 4 in Maces & Flails
  1318 | D:3      | Noticed grandjackal's ghost (amateur DsGl)
  1341 | D:3      | Slain by grandjackal's ghost

Vanquished Creatures
  A worker ant (D:3)
  An adder (D:2)
  A worm (D:2)
  2 dart slugs
  A leopard gecko (D:2)
  2 orcs (D:3)
  2 giant cockroaches
  8 goblins
  7 hobgoblins
  3 jackals (D:2)
  A quokka (D:2)
  2 ball pythons (D:2)
  5 bats
  2 frilled lizards (D:1)
  9 kobolds
  4 rats
51 creatures vanquished.
